 Dungeon Crawl Stone Soup version 0.19-a0-854-gc78d25d (webtiles) character file.

40 Implojin the Chopper (level 3, -17/31 HPs)
             Began as a Minotaur Fighter on July 2, 2016.
             Demolished by an ogre
             ... wielding a cursed -1 giant spiked club
              (21 damage)
             ... on level 4 of the Dungeon.
             The game lasted 00:01:34 (333 turns).

Implojin the Chopper (Minotaur Fighter)              Turns: 333, Time: 00:01:35

Health: -17/31     AC: 11    Str: 25    XL:     3   Next: 30%
Magic:  2/2        EV:  6    Int:  5    God:
Gold:   0          SH:  9    Dex: 10    Spells: 0 memorised, 2 levels left

rFire  . . .     SeeInvis .     a - +0 war axe
rCold  . . .     Gourm    .     d - +0 chain mail
rNeg   . . .     Faith    .     c - +0 shield
rPois  .         Spirit   .     g - +2 hat
rElec  .         Dismiss  .     (no cloak)
rCorr  .         Reflect  .     (no gloves)
SustAt .         Harm     .     (no boots)
MR     .....                    (no amulet)
Stlth  ..........               (no ring)
                                (no ring)

@: mighty, not resistant to hostile enchantments, extremely unstealthy
A: retaliatory headbutt, horns 2
a: no special abilities


You were on level 4 of the Dungeon.
You were not hungry.

You visited 1 branch of the dungeon, and saw 4 of its levels.

Inventory:

Hand Weapons
 a - a +0 war axe (weapon)
Armour
 b - a +0 scale mail
 c - a +0 shield (worn)
 d - a +0 chain mail (worn)
 g - a +2 hat (worn)
Scrolls
 e - a scroll of noise {unknown}
 j - 3 scrolls of identify {unknown}
 m - a scroll of remove curse {unknown}
Potions
 i - a potion of might
 l - a potion of lignification {unknown}
Comestibles
 f - a bread ration
 h - a royal jelly
 k - a meat ration


   Skills:
 - Level 3.6 Fighting
 * Level 4.6 Axes
 - Level 3.6 Armour
 - Level 3.6 Shields


You had 2 spell levels left.
You didn't know any spells.

Dungeon Overview and Level Annotations

Branches:
Dungeon (4/15)
 Temple: D:4-7

Altars:
Dithmenos


Innate Abilities, Weirdness & Mutations

You reflexively headbutt those who attack you in melee.
You have a pair of horns on your head.


Message History

The goblin wields a glowing hunting sling.
The goblin shoots a stone.
The stone barely misses you.
An orc comes into view. It is wielding a flail.
The orc shouts!
You hear a shout!
There is a stone staircase leading up here.
You barely miss the orc. The orc hits you but does no damage.
You closely miss the orc. You hit the goblin.
The goblin hits you but does no damage. You block the orc's attack.
Your shield and chain mail prevent you from hitting the orc.
You slash the goblin!
You kill the goblin!
The orc hits you but does no damage.
The goblin unwields an uncursed hunting sling of velocity.
The goblin hits you but does no damage.
An ogre comes into view. It is wielding a giant spiked club.
Okay, then.
Unknown command.
You feel very mighty all of a sudden. The orc hits you but does no damage.
Unknown command.
You slash the orc!
You kill the orc!
Your shield and chain mail prevent you from hitting the goblin.
The goblin barely misses you. The goblin hits you but does no damage.
Unknown command.
Your shield and chain mail prevent you from hitting the ogre.
You closely miss the goblin. You block the ogre's attack.
You block the goblin's attack.
You slash the ogre!
The ogre is heavily wounded.
You slash the goblin!
You kill the goblin!
The ogre hits you with a giant spiked club!
* * * LOW HITPOINT WARNING * * *
You slash the ogre!
The ogre is severely wounded.
You closely miss the hobgoblin.
The ogre hits you with a giant spiked club!!
Ouch! That really hurt!
You die...

#
##########.###.#
.....ggg@O......
......g###.#.###
....... #
....... .≈≈..≈.
≈≈≈≈≈≈≈ ≈≈≈g≈≈≈
###+###


You could see an ogre, 2 hobgoblins and 2 goblins.

Vanquished Creatures
  Terence (D:2)
  An orc (D:4)
  A giant cockroach (D:3)
  4 goblins
  2 jackals (D:1)
  2 bats
  A giant newt (D:1)
  A rat (D:3)
13 creatures vanquished.

Notes
Turn   | Place    | Note
-------+----------+-------------------------------------------
     0 | D:1      | Implojin the Minotaur Fighter began the quest for the Orb.
     0 | D:1      | Reached XP level 1. HP: 19/19 MP: 0/0
   166 | D:1      | Reached skill level 3 in Axes
   207 | D:2      | Noticed Terence
   212 | D:2      | Killed Terence
   212 | D:2      | Reached skill level 4 in Axes
   212 | D:2      | Reached XP level 2. HP: 1/26 MP: 1/1
   212 | D:2      | Reached XP level 3. HP: 2/31 MP: 2/2
   295 | D:3      | Found a shadowy altar of Dithmenos.
   329 | D:4      | Noticed an ogre
   333 | D:4      | Demolished by an ogre

Vault maps used:
D:1:      dpeg_arrival_leaves_temple_mockup, hex_large,
          minmay_misc_feat_ornament
D:2:      ecumenical_altar_2, first_bread, kennysheep_nondescript,
          minmay_pentomino_u4, uniq_terence
D:3:      nicolae_dithmenos_shadow_blocks, nicolae_overflow_hidden_temple,
          lemuel_round_altar, lemuel_crystal_altar, uniq_robin, uniq_iyjb
D:4:      makhleb_blood_cavern_becter, minmay_goblin_outpost

Skill      XL: |  1 |
---------------+----+-----
Axes           | 4 |  4.6
Fighting       | |  3.6
Armour         | |  3.6
Shields        | |  3.6

Action                   || total
-------------------------++-------
Melee: War axe           ||    35
       Headbutt          ||     4
  Use: Potion            ||     2
Armor: Scale mail        ||    13
       Chain mail        ||    10
Dodge: Dodged            ||    13
Block: Shield            ||    22

Table legend:
 A = Turns spent in this place as a percentage of turns spent in the entire game.
 B = Non-inter-level travel turns spent in this place as a percentage of non-inter-level travel turns spent in the entire game.
 C = Inter-level travel turns spent in this place as a percentage of turns spent in this place.
 D = Turns resting spent in this place as a percentage of non-inter-level travel turns spent in this place.
 E = Turns spent auto-exploring this place as a percentage of non-inter-level travel turns spent in this place.
 F = Non-inter-level travel turns spent in this place divided by the number of levels of this place that you've seen.
                   A       B       C       D       E      F
               +-------+-------+-------+-------+-------+----------------------
         Total | 100.0 | 100.0 |   0.0 |   0.0 |   0.0 |  82.5
       Dungeon | 100.0 | 100.0 |   0.0 |   0.0 |   0.0 |  82.5
               +-------+-------+-------+-------+-------+----------------------

Table legend:
 A = Kills in this place as a percentage of kills in entire the game.
 B = Kills by you in this place as a percentage of kills by you in the entire game.
 C = Kills by friends in this place as a percentage of kills by friends in the entire game.
 D = Other kills in this place as a percentage of other kills in the entire game.
 E = Experience gained in this place as a percentage of experience gained in the entire game.
 F = Experience gained in this place divided by the number of levels of this place that you have seen.
                   A       B       C       D       E      F
               +-------+-------+-------+-------+-------+----------------------
         Total | 100.0 | 100.0 |  -nan |  -nan | 100.0 |  14.5
       Dungeon | 100.0 | 100.0 |  -nan |  -nan | 100.0 |  14.5
               +-------+-------+-------+-------+-------+----------------------
